 Dungeon Crawl Stone Soup version 0.20-a0-899-g09a9bfb (console) character file.

35 Goblin1989 the Slasher (level 3, -1/29 HPs)
             Began as a Demonspawn Monk on Mar 18, 2017.
             Slain by Terence
             ... wielding a +0 short sword of draining
              (3 damage)
             ... on level 2 of the Dungeon.
             The game lasted 00:04:09 (1171 turns).

Goblin1989 the Slasher (Demonspawn Monk)            Turns: 1171, Time: 00:04:11

Health: -1/29      AC:  9    Str: 12    XL:     3   Next: 16%
Magic:  3/3        EV:  7    Int: 11    God:
Gold:   42         SH:  4    Dex: 15    Spells: 2/2 levels left

rFire    . . .     SeeInvis .   a - +0 falchion
rCold    . . .     Gourm    .   m - +0 scale mail
rNeg     . . .     Faith    .   k - +1 buckler {AC+3}
rPois    .         Spirit   .   (helmet restricted)
rElec    .         Reflect  .   (no cloak)
rCorr    .         Harm     .   (no gloves)
MR       .....                  (no boots)
Stlth    ..........             (no amulet)
Regen    0.1/turn               (no ring)
MPRegen  0.1/turn               (no ring)

@: very heavily drained
A: horns 1
a: no special abilities


You were on level 2 of the Dungeon.
You were not hungry.

You visited 1 branch of the dungeon, and saw 2 of its levels.

You collected 42 gold pieces.

Inventory:

Hand Weapons
 a - a +0 falchion (weapon)
Armour
 k - a +1 buckler of protection (worn)
 m - a +0 scale mail (worn)
Scrolls
 f - a scroll of remove curse {unknown}
 h - 3 scrolls of teleportation {unknown}
 i - a scroll of amnesia {unknown}
Potions
 b - 2 potions of curing {unknown}
 c - a potion of lignification {unknown}
 g - a potion of berserk rage
 j - a potion of brilliance {unknown}
Comestibles
 d - 2 fruits
 e - 2 bread rations {@e1}


   Skills:
 + Level 3.1(0.0) Fighting
 * Level 3.6(0.0) Long Blades
 + Level 0.1(0.0) Armour
 - Level 2.6(0.0) Dodging
 - Level 1.7(0.0) Stealth
 + Level 0.6(0.0) Shields


You had 2 spell levels left.
You didn't know any spells.

Dungeon Overview and Level Annotations

Branches:
Dungeon (2/15)

Altars:

Annotations:
D:2 1 runed door, Terence


Innate Abilities, Weirdness & Mutations

You have a pair of small horns on your head.


Message History

No target in view!
No target in view!
No target in view!
No target in view!
No target in view!
No target in view!
Unknown command.
Unknown command.
You see here a club.
Health restored: 29 Eating one of 2 chunks of flesh.
You eat one of the 2 chunks of flesh.
This raw flesh tastes terrible.
You now have 42 gold pieces (gained 3).
b - 2 brown potions A frilled lizard comes into view.
You see here 20 bolts.
You hit the frilled lizard.
You kill the frilled lizard!
No target in view!
No target in view!
No target in view!
No target in view!
No target in view!
No target in view!
No target in view!
No target in view!
No target in view!
No target in view!
No target in view!
No target in view!
No target in view!
No target in view!
No target in view!
No target in view!
f - a scroll labeled VUINWO ECWUVU Marking area around Terence as unsafe for travelling.
Terence the Incautious comes into view.
He is wielding a short sword of draining.
Terence hits you but does no damage.
You feel drained.
You hit Terence but do no damage.
Terence drinks a potion.
Terence goes berserk!
You hit Terence.
Terence is lightly wounded.
Terence hits you but does no damage.
You feel drained. Terence hits you but does no damage.
You feel drained.
You hit Terence but do no damage.
Terence is lightly wounded.
Terence barely misses you. Terence hits you but does no damage.
You feel drained.
You hit Terence but do no damage. You headbutt Terence, but do no damage.
Terence is lightly wounded.
Terence barely misses you.
You riposte.
You hit Terence. Your headbutt misses Terence.
Terence is moderately wounded.
Terence barely misses you.
You hit Terence. Your headbutt misses Terence.
Terence is moderately wounded.
Terence hits you but does no damage.
You feel drained.
You barely miss Terence.
Terence is moderately wounded.
Terence hits you with a short sword of draining.
You feel drained. Terence hits you but does no damage.
You feel drained.
All of the chunks of flesh in your inventory have rotted away.
You take 3 damage, and have 26/29 hp.
You closely miss Terence. You headbutt Terence, but do no damage.
Terence is moderately wounded.
Terence hits you with a short sword of draining.
You feel drained.
Terence hits you with a short sword of draining.
You feel drained.
You closely miss Terence.
Terence is moderately wounded.
Terence hits you but does no damage.
You feel drained. Terence hits you but does no damage.
You feel drained.
You hit Terence but do no damage. You headbutt Terence.
Terence is moderately wounded.
Terence hits you but does no damage.
You feel drained. Terence closely misses you.
You take 7 damage, and have 19/29 hp.
MASSIVE DAMAGE!!
You closely miss Terence. Your headbutt misses Terence.
Terence is moderately wounded.
Terence hits you with a short sword of draining.
You feel drained.
Terence hits you with a short sword of draining.
* * * LOW HITPOINT WARNING * * *
You feel drained.
* * * LOW HITPOINT WARNING * * *
You are too injured to fight recklessly!
You are too injured to fight recklessly!
You are too injured to fight recklessly!
Unknown command.
Your shield and scale mail prevent you from hitting Terence.
You headbutt Terence.
Terence is moderately wounded.
Terence hits you with a short sword of draining.
* * * LOW HITPOINT WARNING * * *
You feel drained.
Terence hits you with a short sword of draining.
* * * LOW HITPOINT WARNING * * *
You feel drained.
You die...

.... .█ █
...████.█.█
.........█ █.
........█ ..
█.......█ █.███.█
████...█.█
█......█.██♣♣♣♣♣
█......█.@@..♣.♣♣♣
..............♣..♣█
██..........♣♣♣♣.▲
█.........♣♣ ♣♣█
█....█.██♣♣
█....█.█ █....█.█
█....██████████
██.............


You could see Terence (berserk).

Vanquished Creatures
  An adder (D:2)
  A dart slug (D:1)
  A leopard gecko (D:1)
  5 goblins
  3 hobgoblins (D:1)
  A kobold (D:1)
  A quokka (D:1)
  3 bats
  3 frilled lizards
  2 rats (D:1)
21 creatures vanquished.

Notes
Turn   | Place    | Note
-------+----------+-------------------------------------------
     0 | D:1      | Goblin1989 the Demonspawn Monk began the quest for the Orb.
     0 | D:1      | Reached XP level 1. HP: 18/18 MP: 1/1
   478 | D:1      | Gained mutation: You have a pair of small horns on your head. [demonic ancestry]
   478 | D:1      | Reached XP level 2. HP: 15/24 MP: 2/2
  1000 | D:2      | Reached XP level 3. HP: 29/29 MP: 3/3
  1135 | D:2      | Found a runed door.
  1149 | D:2      | Noticed Terence
  1171 | D:2      | Slain by Terence

Vault maps used:
D:1:      erik_arrival_triangle_large
D:2:      minivault_26, uniq_crazy_yiuf_cottage, uniq_terence

Skill      XL: |  1 |
---------------+----+-----
Long Blades    | 3 |  3.6
Fighting       | |  3.1
Armour         | |  0.1
Dodging        | |  2.6
Stealth        | |  1.7
Shields        | |  0.6

Action                   || total
-------------------------++-------
Melee: Falchion          ||    86
       Headbutt          ||     9
  Eat: Chunk             ||     1
Armor: Robe              ||    12
       Scale mail        ||    17
Dodge: Dodged            ||    44
Block: Buckler           ||    17
       Rpst.: Falchion   ||    16

Vault maps used:
D:1:      erik_arrival_triangle_large
D:2:      minivault_26, uniq_crazy_yiuf_cottage, uniq_terence
